 Dungeon Crawl Stone Soup version 0.30-a0-772-g5528072125 (webtiles) character file.

Game seed: 14988227610226370460

767 sanka the Grappler (level 7, -3/67 HPs)
             Began as a Troll Fighter on Feb 12, 2023.
             Was an Initiate of Okawaru.
             Slain by a wyvern (13 damage)
             ... on level 5 of the Dungeon.
             The game lasted 00:05:55 (4200 turns).

sanka the Grappler (Troll Fighter)                  Turns: 4200, Time: 00:05:55

Health: -3/67      AC:  5    Str: 27    XL:     7   Next: 52%
Magic:  6/6        EV:  8    Int:  4    God:    Okawaru [......]
Gold:   202        SH:  7    Dex:  9    Spells: 6/6 levels left

rFire   . . .      SeeInvis .      - Unarmed
rCold   . . .      Faith    .    b - +0 kite shield
rNeg    . . .      Spirit   .    a - +0 robe
rPois   .          Reflect  .    f - +1 hat
rElec   .          Harm     .    (no cloak)
rCorr   .          Rampage  .    (gloves unavailable)
Will    .....                    (boots unavailable)
Stlth   +                        (no amulet)
HPRegen 1.11/turn                (no ring)
MPRegen 0.10/turn                (no ring)

@: no status effects
A: large, unfitting armour, claws 3, regeneration 1, shaggy fur 1, tough skin 1
a: Renounce Religion


You were on level 5 of the Dungeon.
You worshipped Okawaru.
Okawaru was noncommittal.
You visited 2 branches of the dungeon, and saw 6 of its levels.

You collected 202 gold pieces.


Innate Abilities, Weirdness & Mutations

You are too large for most types of armour.
You have claws for hands.
Your natural rate of healing is unusually fast.
You are covered in fur. (AC +1)
You have tough skin. (AC +1)


   Skills:
 - Level 3.0 Fighting
 - Level 2.4 Dodging
 - Level 2.6 Shields
 + Level 8.4 Unarmed Combat


You had 6 spell levels left.
You didn't know any spells.
Your spell library was empty.

Inventory:

Missiles
 o - 4 curare-tipped darts {=f}
Armour
 a - a +0 robe (worn)
 b - a +0 kite shield (worn)
 f - a +1 hat (worn)
Jewellery
 r - a ring of ice
Scrolls
 e - a scroll of magic mapping {unknown}
 j - a scroll of teleportation {unknown}
 k - 5 scrolls of identify {unknown}
 m - a scroll of blinking {unknown}
 n - a scroll of amnesia {unknown}
 p - 2 scrolls of fog {unknown}
 s - a scroll of immolation {unknown}
Potions
 c - 2 potions of might
 d - 3 potions of curing {unknown}
 g - a potion of haste {unknown}
 h - 3 potions of attraction {unknown}
 i - 2 potions of flight {unknown}
 l - a potion of heal wounds {unknown}
 q - a potion of lignification {unknown}

Dungeon Overview and Level Annotations

Branches:
Dungeon (5/15)             Temple (1/1) D:4

Altars:
Ashenzari
Cheibriados
Dithmenos
Elyvilon
Fedhas
Gozag
Kikubaaqudgha
Makhleb
Nemelex Xobeh
Okawaru
Qazlal
Ru
Sif Muna
Trog
Uskayaw
Wu Jian
Xom
Yredelemnul
Zin
The Shining One

Shops:
D:1

[ ▒▒▒▒▒ ▒...▒▒ ▒▒▒▒▒▒.▒..▒
▒....▒.▒▒.▒ ▒.▒▒.▒.▒▒.▒
▒.▒▒.▒.▒▒.▒
▒▒▒▒▒▒▒▒.▒▒...▒▒.▒▒▒▒▒▒▒▒▒▒▒▒▒▒▒▒
.......)..▒▒▒▒▒..................
▒▒▒▒▒...........T..>▒▒▒▒▒▒▒▒▒▒▒▒▒
.....▒.........l▒............▒ ▒
▒▒▒▒▒▒▒▒▒▒▒....▒▒▒▒▒▒▒▒▒▒▒▒▒.▒ ▒
..'.▒ ▒....▒ ▒.▒ ▒ ..▒▒▒ ▒....▒
▒.▒ ▒ ....▒ ▒....▒ ▒.▒ ▒ ..▒▒▒
▒....▒ ▒.▒ ▒ ..▒▒▒▒▒▒▒▒▒..
▒▒▒▒▒▒▒▒▒▒▒▒▒.▒ ▒ ▒.........▒
▒..........<▒.▒ ▒


You could see a wyvern.


Message History

You barely miss the wyvern. You block the wyvern's attack.
Unknown command.
You closely miss the wyvern. The wyvern closely misses you.
The wyvern bites you!
* * * LOW HITPOINT WARNING * * *
Unknown command.
You mangle the wyvern!!
The wyvern is severely wounded.
The wyvern bites you!
* * * LOW HITPOINT WARNING * * *
Unknown command.
You closely miss the wyvern.
The wyvern is severely wounded.
The wyvern bites you!
* * * LOW HITPOINT WARNING * * *
Unknown command.
You closely miss the wyvern.
The wyvern is severely wounded.
The wyvern bites you but does no damage.
The wyvern completely misses you.
You closely miss the wyvern.
The wyvern is severely wounded.
The wyvern bites you.
* * * LOW HITPOINT WARNING * * *
You scratch the wyvern.
The wyvern is severely wounded.
The wyvern bites you!
You die...

Action                     |  1- 3 |  4- 6 |  7- 9 || total
---------------------------+-------+-------+-------++-------
  Melee: Unarmed           |    88 |   183 |    27 ||   298
   Stab: Sleeping          |       |     1 |       ||     1
 Armour: Robe              |    25 |    85 |     2 ||   112
  Dodge: Dodged            |    22 |    76 |     5 ||   103
  Block: Kite shield       |    25 |    93 |     3 ||   121

Levels and vault maps discovered:
D:1:      wheals_arrival_linesprint, layout_loops_ring, serial_shops,
          nicolae_diamond_shop
D:2:      layout_basic, interstate_on_off, uniq_jessica
D:3:      layout_loops_ring, hangedman_glass_teeth, solitary_fountain,
          nicolae_half_adder, uniq_terence
D:4:      layout_basic, kennysheep_little_box, ashenzari_conservatory_becter,
          mainiacjoe_overflow_catwalk_spiral, minmay_temple_entry_crystal_x,
          serial_demonic, serial_demonic_a, serial_demonic_c, serial_demonic_d,
          serial_demonic_g, minmay_lizard_king
D:5:      layout_basic, serial_co_window_serial, co_window_paths_b,
          co_window_paths_b, co_window_paths_a, co_window_paths_b,
          co_window_of_opportunity_a, co_window_of_opportunity_a,
          co_window_paths_a, co_window_2corner, co_window_corner_ca,
          co_window_cross_4, co_window_cross_3, co_window_4corner_a,
          co_window_paths_d, chequers_serial_rivers_small_a, st_stairs_9,
          uniq_blork_the_orc
Temple:   compressed_dpeg_triangle_lava_temple

Notes
Turn   | Place    | Note
-------+----------+-------------------------------------------
     0 | D:1      | sanka the Troll Fighter began the quest for the Orb.
     0 | D:1      | Reached XP level 1. HP: 22/22 MP: 0/0
    82 | D:1      | Reached XP level 2. HP: 29/29 MP: 1/1
   340 | D:1      | Reached skill level 3 in Fighting
   340 | D:1      | Reached XP level 3. HP: 25/37 MP: 2/2
   395 | D:1      | Found Caug's Armour Shoppe.
   421 | D:1      | Reached skill level 3 in Unarmed Combat
  1168 | D:2      | Reached XP level 4. HP: 45/45 MP: 3/3
  1211 | D:2      | Noticed Jessica
  1223 | D:2      | Killed Jessica
  1224 | D:2      | Reached skill level 4 in Unarmed Combat
  1656 | D:3      | Noticed Terence
  1675 | D:2      | Reached XP level 5. HP: 48/53 MP: 4/4
  1689 | D:3      | Killed Terence
  1690 | D:3      | Reached skill level 5 in Unarmed Combat
  1793 | D:3      | Noticed an ice beast
  1800 | D:3      | Killed an ice beast
  2051 | D:3      | Reached skill level 6 in Unarmed Combat
  2088 | D:3      | Reached XP level 6. HP: 61/61 MP: 5/5
  2887 | D:4      | Found a sacrificial altar of Ru.
  2903 | D:4      | Found an ancient bone altar of Kikubaaqudgha.
  2915 | D:4      | Reached skill level 7 in Unarmed Combat
  3019 | D:4      | Reached XP level 7. HP: 67/67 MP: 6/6
  3126 | D:4      | Found a staircase to the Ecumenical Temple.
  3240 | D:4      | Found a hide-covered altar of Uskayaw.
  3308 | D:4      | Found a broken altar of Ashenzari.
  3644 | Temple   | Entered the Ecumenical Temple
  3838 | Temple   | Became a worshipper of Warmaster Okawaru
  3872 | D:5      | Entered Level 5 of the Dungeon
  3956 | D:5      | Reached skill level 8 in Unarmed Combat
  4189 | D:5      | Noticed a wyvern
  4200 | D:5      | Slain by a wyvern

Vanquished Creatures
  A water moccasin (D:5)
  An ice beast (D:3)
  2 ogres
  A hound (D:5)
  2 quasits (D:4)
  Jessica (D:2)
  An iguana (D:4)
  Terence (D:3)
  2 gnolls (D:1)
  8 adders
  A shadow imp (D:4)
  4 white imps
  3 ufetubi
  A worm (D:2)
  4 dart slugs
  5 ball pythons
  4 endoplasms
  2 giant cockroaches
  10 goblins
  7 hobgoblins
  2 jackals (D:2)
  4 kobolds
  4 quokkas
  4 bats
  8 frilled lizards
  9 rats
92 creatures vanquished.

Vanquished Creatures (others)
  4 plants (D:4)
4 creatures vanquished.

Grand Total: 96 creatures vanquished
